 Dungeon Crawl Stone Soup version 0.23.2 (webtiles) character file.

Game seed: 15739602732112425540

68 voshxz the Ruffian (level 4, -1/44 HPs)
             Began as a Troll Berserker on Apr 13, 2019.
             Was a Believer of Trog.
             Killed by divine providence
             ... invoked by an orc priest
              (10 damage)
             ... on level 3 of the Dungeon.
             The game lasted 00:02:38 (517 turns).

voshxz the Ruffian (Troll Berserker)                 Turns: 517, Time: 00:02:39

Health: -1/44      AC:  6    Str: 26    XL:     4   Next: 1%
Magic:  3/3        EV: 10    Int:  3    God:    Trog [**....]
Gold:   0          SH:  0    Dex:  9    Spells: 3/3 levels left

rFire    . . .     SeeInvis .     - Unarmed
rCold    . . .     Gourm    +   (no shield)
rNeg     . . .     Faith    .   a - +0 animal skin
rPois    .         Spirit   .   (helmet restricted)
rElec    .         Reflect  .   (no cloak)
rCorr    .         Harm     .   (gloves unavailable)
MR       .....                  (boots unavailable)
Stlth    +.........             (no amulet)
HPRegen  0.54/turn              (no ring)
MPRegen  0.08/turn              (no ring)

@: lethally poisoned (-1 -> -1)
A: large, unfitting armour, claws 3, fast metabolism 3, gourmand, regeneration
1, shaggy fur 1, tough skin 3
a: Berserk, Trog's Hand, Renounce Religion


You were on level 3 of the Dungeon.
You worshipped Trog.
Trog was pleased with you.
You were near starving.

You visited 1 branch of the dungeon, and saw 3 of its levels.

Inventory:

Armour
 a - a +0 animal skin (worn)
 c - a +0 pair of boots
 f - a scarf of cloud immunity
Jewellery
 k - a +5 ring of strength {unknown}
Scrolls
 d - a scroll of fog {unknown}
 g - a scroll of teleportation {unknown}
 h - a scroll of identify {unknown}
Potions
 e - a potion of agility {unknown}
 i - 2 potions of berserk rage {unknown}
Comestibles
 b - 5 rations
 j - 2 chunks of flesh


   Skills:
 + Level 2.8 Fighting
 + Level 3.1 Dodging
 + Level 3.9 Unarmed Combat


You had 3 spell levels left.
You didn't know any spells.
Your spell library was empty.

Dungeon Overview and Level Annotations

Branches:
Dungeon (3/15)

Altars:
Uskayaw


Innate Abilities, Weirdness & Mutations

You are too large for most types of armour.
You have claws for hands.
Your metabolism is lightning-fast.
You like to eat raw meat.
Your natural rate of healing is unusually fast.
You are covered in fur. (AC +1)
You have extremely tough skin. (AC +3)


Message History

Trog accepts your kill.
You claw the orc!
You kill the orc!
Trog accepts your kill.
You feel sick. The orc hits you but does no damage.
Items here: ) [ ††† a +0 dagger; a +0 leather armour; an orc corpse; a leopard gecko corpse an adder corpse You closely miss the orc.
The orc hits you but does no damage.
The orc priest invokes the aid of Beogh against you.
Beogh smites you!
* * * LOW HITPOINT WARNING * * *
You claw the orc!
You kill the orc!
Trog accepts your kill.
You have reached level 4!
You scratch the orc priest but do no damage.
The orc priest calls down the wrath of Beogh upon you.
Beogh smites you!
You die...

# #.##...#
#.##########.##...#
..............#...#
####.#####....#..#...#
.....ro@.........#...#
....!.####.......#...###
..... #.......#...#..
.... #.............. ...
#...)####...#.. ##
#....# #####..
#....########..
#....##...)....
#....##........


You could see an orc priest and a rat.

Vanquished Creatures
  Robin (D:2)
  An adder (D:3)
  2 dart slugs
  3 leopard geckos
  4 orcs (D:3)
  7 goblins
  3 hobgoblins
  4 jackals (D:3)
  2 ball pythons (D:3)
  2 bats
  2 kobolds
  2 rats (D:3)
33 creatures vanquished.

Notes
Turn   | Place    | Note
-------+----------+-------------------------------------------
     0 | D:1      | voshxz the Troll Berserker began the quest for the Orb.
     0 | D:1      | Reached XP level 1. HP: 22/22 MP: 0/0
   103 | D:1      | Reached XP level 2. HP: 27/29 MP: 1/1
   179 | D:2      | Noticed Robin
   195 | D:2      | Found a hide-covered altar of Uskayaw.
   210 | D:2      | Killed Robin
   218 | D:2      | Reached XP level 3. HP: 30/36 MP: 2/2
   253 | D:2      | Noticed a -2 hand axe
   255 | D:2      | Noticed a -2 hand axe
   398 | D:3      | Reached ** piety under Trog
   516 | D:3      | Reached XP level 4. HP: 8/44 MP: 3/3
   517 | D:3      | Killed from afar by an orc priest

Skill      XL: |  1  2  3 |
---------------+----------+-----
Dodging        | 3 |  3.1
Fighting       | |  2.8
Unarmed Combat | |  3.9

Action                   |  1- 3 |  4- 6 || total
-------------------------+-------+-------++-------
Melee: Unarmed           |    93 |     1 ||    94
 Stab: Sleeping          |     1 |       ||     1
Armor: Animal skin       |    40 |       ||    40
Dodge: Dodged            |    57 |       ||    57
